 Dungeon Crawl Stone Soup version 0.29.1-15-g9cfb28693d (webtiles) character file.

Game seed: 12857157089438667378

46 101zpm the Magician (level 3, -7/25 HPs)
             Began as a Djinni Fire Elementalist on Mar 6, 2023.
             Killed from afar by an orc wizard (9 damage)
             ... with a magic dart
             ... on level 3 of the Dungeon.
             The game lasted 00:02:43 (1302 turns).

101zpm the Magician (Djinni Fire Elementalist)      Turns: 1302, Time: 00:02:43

Health: -7/25      AC:  3    Str:  7    XL:     3   Next: 92%
Gold:   72         EV: 12    Int: 18    God:
                   SH:  0    Dex: 13

rFire   + + .      SeeInvis .   (no weapon)
rCold   x . .      Faith    .   (no shield)
rNeg    . . .      Spirit   .   a - +0 robe
rPois   ∞          Reflect  .   (no helmet)
rElec   .          Harm     .   d - +0 cloak
rCorr   .          Rampage  .   (no gloves)
Will    .....                   (boots unavailable)
Stlth   ++........              (no amulet)
HPRegen 0.08/turn               (no ring)
MPRegen 0.00/turn               (no ring)

@: flying
A: sickness immunity, fire resistance 2, cold vulnerability 1, float, innate
caster, HP casting, extra vitality 1
a: no special abilities


You were on level 3 of the Dungeon.
You visited 1 branch of the dungeon, and saw 3 of its levels.

You collected 72 gold pieces.

Inventory:

Armour
 a - a +0 robe (worn)
 d - a +0 cloak (worn)
Jewellery
 f - a ring of resist corrosion
Scrolls
 b - a scroll of magic mapping {unknown}
 g - a scroll of brand weapon {unknown}
 h - 3 scrolls of blinking {unknown}
Potions
 c - 2 potions of lignification {unknown}
 e - a potion of haste {unknown}


   Skills:
 + Level 2.9 Dodging
 + Level 1.7 Stealth
 + Level 3.2 Spellcasting


You couldn't memorise any spells.
You knew the following spells:

 Your Spells              Type           Power      Damage    Failure   Level
a - Foxfire               Conj/Fire      56%        2x1d6     4%          1
b - Scorch                Fire           28%        2d6       6%          2
c - Conjure Flame         Conj/Fire      14%        6-21      13%         3
d - Inner Flame           Hex/Fire       14%        N/A       13%         3
e - Flame Wave            Conj/Fire      14%        2d6       38%         4
f - Slow                  Hex            56%        N/A       4%          1
Your spell library was empty.

Dungeon Overview and Level Annotations

Branches:
Dungeon (3/15)

Altars:


Innate Abilities, Weirdness & Mutations

You are immune to sickness and miasma.
You are immune to poison.
Your flesh is very heat resistant. (rF++)
You are vulnerable to cold. (rC-)
You float through the air rather than walking.
You learn spells naturally, not from books.
Your magical power is your life essence.
You have superior vitality. (+4 MHP)


Message History

Confirm with . or Enter, or press ? or * to list all spells.
Flames lash the orc.
The orc explodes!
Your foxfire dissipates!
Casting: Scorch (safe; 6% risk of failure)
Confirm with . or Enter, or press ? or * to list all spells.
The spell is quite dangerous to miscast (13% risk of failure)!
Continue anyway?
Aiming: Inner Flame (quite dangerous; 13% risk of failure)
Press: ? - help, Dir - move target, f - orc
Aim: an orc, wielding a +0 flail (chance to affect: 81%)
The orc is filled with an inner flame.
The orc throws a boomerang.
The boomerang hits you.
* * * LOW HITPOINT WARNING * * *
Casting: Inner Flame (quite dangerous; 13% risk of failure)
Confirm with . or Enter, or press ? or * to list all spells.
Flames lash the orc wizard.
The orc wizard is lightly wounded.
The orc wizard's fire resistance burns away.
* * * LOW HITPOINT WARNING * * *
Casting: Scorch (safe; 6% risk of failure)
Confirm with . or Enter, or press ? or * to list all spells.
Flames lash the orc wizard.
The orc wizard is burned terribly!
The orc wizard is moderately wounded.
* * * LOW HITPOINT WARNING * * *
Casting: Scorch (safe; 6% risk of failure)
Confirm with . or Enter, or press ? or * to list all spells.
Flames lash the orc wizard.
The orc wizard is burned terribly!
The orc wizard is heavily wounded.
* * * LOW HITPOINT WARNING * * *
Casting: Scorch (safe; 6% risk of failure)
Confirm with . or Enter, or press ? or * to list all spells.
You don't have enough health to cast this spell.
Casting: Scorch (safe; 6% risk of failure)
Confirm with . or Enter, or press ? or * to list all spells.
You don't have enough health to cast this spell.
Casting: Scorch (safe; 6% risk of failure)
Confirm with . or Enter, or press ? or * to list all spells.
You don't have enough health to cast this spell.
The orc wizard points at you and mumbles some strange words.
The magic dart hits you!
You die...

............))>o...
####.......o##
##.#...#...o.#####
...#.##..........#
...#.##.....o....#
#....##........o.#######
.................##....#
.................##.:..#
................@##....#
.....##..........##....#
.....##............^...#
##..######.............#
#### #......###....#
#......# #...)# ########
#....# #(...# ######


You could see an orc wizard (combustible) and 3 orcs.

Vanquished Creatures
  2 adders (D:3)
  A worm (D:3)
  2 orcs (D:3)
  3 ball pythons
  An endoplasm (D:2)
  A goblin (D:3)
  4 hobgoblins (D:3)
  4 kobolds (D:3)
  A quokka (D:3)
  A bat (D:3)
  3 rats
23 creatures vanquished.

Vanquished Creatures (others)
  105 foxfires
105 creatures vanquished.

Grand Total: 128 creatures vanquished

Notes
Turn   | Place    | Note
-------+----------+-------------------------------------------
     0 | D:1      | 101zpm the Djinni Fire Elementalist began the quest for the
                  | Orb.
     0 | D:1      | 101zpm set off with the following spells memorised:
                  | Foxfire, Scorch, Conjure Flame, Inner Flame, Flame Wave.
     0 | D:1      | Reached XP level 1. HP: 15/15 MP: 0/0
   279 | D:3      | Reached XP level 2. HP: 13/21 MP: 0/0
   803 | D:3      | Reached skill level 3 in Spellcasting
   803 | D:3      | Reached XP level 3. HP: 16/25 MP: 0/0
   803 | D:3      | Learned a level 1 spell: Slow
  1302 | D:3      | Killed from afar by an orc wizard

Illustrated notes

Levels and vault maps discovered:
D:1:      tarquinn_simple_flora_water_e, layout_basic, serial_shops,
          nicolae_diamond_shop, st_stairs_9, nrook_uturn
D:2:      minmay_general_purpose_star, layout_rooms, minmay_mini_jars
D:3:      layout_rooms, dreamdust_princess_corridor

Skill      XL: |  1  2 |
---------------+-------+-----
Spellcasting   | 3 |  3.2
Dodging        | |  2.9
Stealth        | |  1.7

Action                   || total
-------------------------++-------
 Cast: Foxfire           ||    62
       Scorch            ||     7
       Inner Flame       ||     2
Dodge: Dodged            ||     1
